 Dungeon Crawl Stone Soup version 0.26.0-45-g9c1d065592 (webtiles) character file.

Game seed: 16660833010327111222

60 drevil the Grave Robber (level 3, 0/21 HPs)
             Began as a Vampire Necromancer on Jan 31, 2021.
             Succumbed to an adder's poison
             ... on level 2 of the Dungeon.
             The game lasted 00:13:02 (3063 turns).

drevil the Grave Robber (Vampire Necromancer)       Turns: 3063, Time: 00:13:02

Health: 0/21       AC:  3    Str:  7    XL:     3   Next: 82%
Magic:  1/6        EV: 13    Int: 18    God:
Gold:   40         SH:  0    Dex: 14    Spells: 5/7 levels left

rFire    . . .     SeeInvis +   (no weapon)
rCold    . . .     Faith    .   (no shield)
rNeg     . . .     Spirit   .   a - +1 robe
rPois    .         Reflect  .   (no helmet)
rElec    .         Harm     .   l - scarf {repulsion}
rCorr    .         Rampage  .   (no gloves)
Will     .....                  (no boots)
Stlth    +++.......             (no amulet)
HPRegen  0.27/turn              (no ring)
MPRegen  0.10/turn              (no ring)

@: lethally poisoned (0 -> -1), regenerating quickly, repel missiles
A: fangs 3, see invisible, [frail 1], unbreathing
a: Exsanguinate


You were on level 2 of the Dungeon.
You visited 1 branch of the dungeon, and saw 2 of its levels.

You collected 40 gold pieces.

Inventory:

Armour
 a - a +1 robe (worn)
 l - a scarf of repulsion (worn)
Wands
 n - a wand of iceblast (10)
Scrolls
 b - 2 scrolls of remove curse
 e - 5 scrolls of identify
 f - a scroll of enchant weapon
 m - a scroll of amnesia
Potions
 c - 3 potions of curing
 d - 2 potions of might {unknown}
 g - a potion of heal wounds
 h - 3 potions of haste {unknown}
 k - a potion of experience {unknown}
 o - a potion of lignification {unknown}


   Skills:
 + Level 3.0 Dodging
 + Level 4.1 Stealth
 + Level 2.5 Spellcasting
 + Level 4.8 Necromancy


You had 5 spell levels left.
You knew the following spells:

 Your Spells              Type           Power        Failure   Level
a - Pain                  Necr           76%          2%          1
c - Animate Skeleton      Necr           38%          2%          1

Your spell library contained the following spells:

 Spells                   Type           Power        Failure   Level
 Vampiric Draining        Necr           9%           7%          3
 Animate Dead             Necr           9%           22%         4
 Agony                    Necr           19%          54%         5


Dungeon Overview and Level Annotations

Branches:
Dungeon (2/15)

Altars:


Innate Abilities, Weirdness & Mutations

Your natural rate of healing is unusually fast.
You have razor-sharp teeth.
You have supernaturally acute eyesight. (SInv)
You can survive without breathing.
[You are frail. (-10% HP)]


Message History

Aim: a bat (chance to affect: 89%)
The bat writhes in agony.
You kill the bat!
The adder bites you.
* * * LOW HITPOINT WARNING * * *
You take 2 damage, and have 1/21 hp.
Casting: Pain (safe; 2% risk of failure)
Confirm with . or Enter, or press ? or * to list all spells.
Aiming: Pain (safe; 2% risk of failure)
Press: ? - help, Shift-Dir - straight line, f - adder
Aim: an adder (heavily wounded, chance to affect: 84%)
The adder writhes in agony.
The adder bites you but does no damage.
You now have 2/6 mp.
Casting: Pain (safe; 2% risk of failure)
Confirm with . or Enter, or press ? or * to list all spells.
Aiming: Pain (safe; 2% risk of failure)
Press: ? - help, Shift-Dir - straight line, f/p - adder
Aim: an adder (severely wounded, chance to affect: 84%)
The adder writhes in agony.
You die...

#######..### #.##.# ##.
#..## #.##w# #.. #...##
#>##.# #># ##.).#
#.##.######.# #.#.#
#.##........# #.#.#
#.#...####### #)..#
#..)...#####. ##...###
###.#........
#.....@######.#........
#.####.S...............
*#.*
##.l.######........
*).**#.....## #.#######
####....#...####.## #.
*#...<####....§#..# #.
*....#* ####..§#.#####.
***.###* #..>......S.
*,,,* *#.....##.###


You could see an adder and a frilled lizard.

Vanquished Creatures
  2 adders (D:2)
  A dart slug (D:1)
  7 bats
  4 giant cockroaches
  7 goblins
  3 hobgoblins
  10 kobolds
  A frilled lizard (D:1)
  3 rats (D:1)
38 creatures vanquished.

Notes
Turn   | Place    | Note
-------+----------+-------------------------------------------
     0 | D:1      | drevil the Vampire Necromancer began the quest for the Orb.
     0 | D:1      | Reached XP level 1. HP: 13/13 MP: 3/3
   208 | D:1      | Reached XP level 2. HP: 18/19 MP: 1/5
  1146 | D:1      | Reached XP level 3. HP: 23/24 MP: 4/6
  1450 | D:2      | Learned a level 3 spell: Vampiric Draining
  1458 | D:2      | Learned a level 1 spell: Animate Skeleton
  3061 | D:2      | HP: 1/21 [adder (2)]
  3063 | D:2      | Succumbed to an adder's poison

Illustrated notes

Levels and vault maps discovered:
D:1:      elethiomel_arrival_infinity_welcomes_careful_drivers, layout_basic
D:2:      layout_rooms, nemelex_altar_shiori

Skill      XL: |  1  2  3 |
---------------+----------+-----
Stealth        | 4 |  4.1
Dodging        | 3 |  3.0
Spellcasting   | |  2.5
Necromancy     | |  4.8

Action                   || total
-------------------------++-------
Melee: Unarmed           ||    71
       Bite              ||     6
 Cast: Pain              ||    84
       Vampiric Draining ||     2
       Animate Skeleton  ||     1
 Abil: Exsanguinate      ||     1
       Revivify          ||     1
  Use: Scroll            ||     7
       Potion            ||     1
 Stab: Sleeping          ||     1
Armor: Robe              ||    20
Dodge: Dodged            ||    82
